 Dungeon Crawl Stone Soup version 0.29.1-2-gbd0b4ee654 (webtiles) character file.

Game seed: 15996603898127058036

5383 Sabo the Cleaver (level 10, -16/94 HPs)
             Began as a Gargoyle Berserker on Nov 12, 2022.
             Was a High Priest of Trog.
             Demolished by a komodo dragon (21 damage)
             ... on level 7 of the Dungeon.
             The game lasted 00:46:05 (10107 turns).

Sabo the Cleaver (Gargoyle Berserker)              Turns: 10107, Time: 00:46:05

Health: -16/94     AC: 23    Str: 24    XL:     10   Next: 66%
Magic:  10/10      EV:  9    Int:  9    God:    Trog [*****.]
Gold:   407        SH:  0    Dex:  9    Spells: 9/9 levels left

rFire   . . .      SeeInvis .   f - +2 war axe (venom)
rCold   + . .      Faith    .   (no shield)
rNeg    + + .      Spirit   .   z - +0 chain mail
rPois   ∞          Reflect  .   g - +2 hat
rElec   +          Harm     +   b - +2 cloak
rCorr   .          Rampage  +   (no gloves)
Will    .....                   (no boots)
Stlth   ..........              I - amulet "Fuyplay" {Harm Rampage rPois Will- Regen+}
HPRegen 1.05/turn               q - ring of protection from cold
MPRegen 0.12/turn               G - ring of positive energy

@: berserking, very quick
A: sickness immunity, AC +7, negative energy resistance 1, electricity
resistance, torment resistance 1, petrification resistance
a: Renounce Religion, Berserk, Trog's Hand, Brothers in Arms


You were on level 7 of the Dungeon.
You worshipped Trog.
Trog was extremely pleased with you.
You visited 1 branch of the dungeon, and saw 7 of its levels.
You also visited: Bailey.

You collected 407 gold pieces.

Inventory:

Hand Weapons
 f - a +2 war axe of venom (weapon)
 v - a +5 dagger
 x - a +0 battleaxe
 B - a +0 glaive
 J - a +4 quarterstaff of chaos
 K - a +0 arbalest
Missiles
 i - 9 boomerangs (quivered)
 l - 8 poisoned darts
 y - 4 throwing nets
Armour
 a - a scarf of invisibility
 b - a +2 cloak (worn)
 g - a +2 hat (worn)
 z - a +0 chain mail (worn)
 F - a +0 plate armour
Jewellery
 q - a ring of protection from cold (left hand)
 E - an amulet of the acrobat
 G - a ring of positive energy (right hand)
 I - the amulet "Fuyplay" (around neck) {Harm Rampage rPois Will- Regen+}
   (You found it in a bailey)

   [amulet of regeneration]

   rPois:     It protects you from poison.
   Regen:     It increases your rate of health regeneration.
   Harm:      It increases damage dealt and taken.
   Rampage:   It bestows one free step when moving towards enemies.
   Will:      It decreases your willpower.
Wands
 H - a wand of roots (7)
Scrolls
 m - 4 scrolls of teleportation
 r - 2 scrolls of fog
 s - a scroll of amnesia {unknown}
 t - a scroll of immolation {unknown}
 u - a scroll of vulnerability {unknown}
 w - a scroll of poison {unknown}
Potions
 c - 3 potions of heal wounds
 d - 7 potions of curing
 e - 2 potions of resistance {unknown}
 h - a potion of mutation {unknown}
 j - 3 potions of lignification {unknown}
 k - a potion of flight {unknown}
 n - 4 potions of attraction {unknown}
 o - a potion of degeneration {unknown}
 p - a potion of experience {unknown}
 A - a potion of brilliance {unknown}
Miscellaneous
 C - a tin of tremorstones (2/2)
 D - a condenser vane


   Skills:
 + Level 7.5 Fighting
 + Level 10.1 Axes
 + Level 4.1 Throwing
 + Level 8.0 Armour
 + Level 3.7 Dodging
 + Level 1.8 Stealth


You had 9 spell levels left.
You didn't know any spells.
Your spell library was empty.

Dungeon Overview and Level Annotations

Branches:
Dungeon (7/15)             Temple (0/1) D:6          Bailey (visited)

Altars:
Gozag
Kikubaaqudgha
Makhleb
Okawaru
Ru
Sif Muna
Vehumet
Wu Jian
Yredelemnul


Innate Abilities, Weirdness & Mutations

You are immune to sickness and miasma.
Your stone body is resilient. (AC +7)
You are immune to poison.
You resist negative energy. (rN+)
You are resistant to electric shocks. (rElec)
You are resistant to unholy torment.
You are immune to petrification.


Message History

The red ugly thing is lightly wounded.
The red ugly thing engulfs you.
You are engulfed in flames!
You hit the red ugly thing.
The red ugly thing looks even sicker.
The red ugly thing is lightly wounded.
The red ugly thing barely misses you.
You barely miss the red ugly thing.
The red ugly thing is lightly wounded.
The red ugly thing engulfs you.
You are engulfed in flames!!
* * * LOW HITPOINT WARNING * * *
You hit the red ugly thing but do no damage.
The red ugly thing looks as sick as possible!
The red ugly thing is lightly wounded.
The red ugly thing engulfs you but does no damage.
You slash the red ugly thing!
The red ugly thing looks as sick as possible!
The red ugly thing is moderately wounded.
The red ugly thing barely misses you.
You hit the red ugly thing.
The red ugly thing is heavily wounded.
The red ugly thing barely misses you.
A red film seems to cover your vision as you go berserk!
You feel yourself moving faster!
You feel mighty!
The red ugly thing engulfs you but does no damage.
You hit the red ugly thing.
The red ugly thing looks as sick as possible!
The red ugly thing is heavily wounded.
The red ugly thing engulfs you but does no damage.
You hit the red ugly thing.
The red ugly thing looks as sick as possible!
The red ugly thing is severely wounded.
The red ugly thing engulfs you.
You are engulfed in flames!!
* * * LOW HITPOINT WARNING * * *
You closely miss the red ugly thing.
The red ugly thing is severely wounded.
You slash the red ugly thing!
You kill the red ugly thing!
Trog accepts your kill.
Your Armour skill increases to level 8!
You closely miss the komodo dragon. The komodo dragon bites you!!
You die...

### ♣♣.♣♣
#♣...♣#.#
#.#'#.#.##
#.#.#.#..
#.#.#.#.#
#.#.#.#.#
#.##.#.#...# .####
#.l@#.#...##.....
#.##.#.#....#.....
#. #.#.#.#......#
♣ #.#.#.#......#
#.#†#.#......#
#.#'#.#......#
#♣...♣#)##.....
♣♣.♣♣#)# ####. .#
# ########.#


You could see a komodo dragon.

Vanquished Creatures
  An ugly thing (D:7)
  Sigmund (D:2)
  A wraith (D:7)
  2 water moccasins (D:7)
  2 orc warriors
  6 sky beasts
  2 ice beasts (D:7)
  4 black bears
  4 wolves (Bailey)
  4 ogres
  A centaur (D:7)
  3 necrophages
  9 gnoll sergeants (Bailey)
  6 scorpions
  An electric eel (D:6)
  2 howler monkeys (D:5)
  5 hounds
  A jelly (D:6)
  Crazy Yiuf (D:7)
  4 orc priests
  6 gnoll boudas
  3 iguanas
  Natasha (thrice) (D:2)
  6 orc wizards
  18 gnolls
  8 adders
  4 white imps
  2 ufetubi (D:5)
  3 worms
  7 dart slugs
  27 orcs
  15 ball pythons
  6 bats
  An endoplasm (D:3)
  2 giant cockroaches
  7 hobgoblins
  8 jackals
  7 kobolds
  A quokka (D:2)
  3 frilled lizards
  13 goblins
  11 rats
221 creatures vanquished.

Vanquished Creatures (others)
  A gnoll (D:6)
  An orc (D:6)
  A plant (D:7)
3 creatures vanquished.

Grand Total: 224 creatures vanquished

Notes
Turn   | Place    | Note
-------+----------+-------------------------------------------
     0 | D:1      | Sabo the Gargoyle Berserker began the quest for the Orb.
     0 | D:1      | Reached XP level 1. HP: 14/14 MP: 1/1
   442 | D:1      | Reached XP level 2. HP: 14/19 MP: 2/2
   550 | D:1      | Reached skill level 3 in Axes
   568 | D:1      | Found a faded altar of an unknown god.
   732 | D:1      | Reached XP level 3. HP: 24/24 MP: 3/3
  1253 | D:2      | Reached ** piety under Trog
  1604 | D:2      | Reached XP level 4. HP: 29/29 MP: 4/4
  1724 | D:2      | Noticed Sigmund
  1733 | D:2      | Killed Sigmund
  1734 | D:2      | Reached skill level 4 in Axes
  1734 | D:2      | Reached XP level 5. HP: 34/34 MP: 5/5
  1734 | D:2      | Reached XP level 6. HP: 39/39 MP: 6/6
  1816 | D:2      | Noticed Natasha
  1822 | D:2      | Killed Natasha
  1871 | D:2      | Reached skill level 5 in Axes
  2073 | D:2      | Noticed a black bear
  2081 | D:2      | Killed a black bear
  2571 | D:2      | Noticed Natasha
  2577 | D:2      | Killed Natasha
  2578 | D:2      | Reached XP level 7. HP: 44/44 MP: 7/7
  2714 | D:2      | Noticed Natasha
  2719 | D:2      | Killed Natasha
  2902 | D:3      | Reached skill level 1 in Stealth
  3187 | D:3      | Reached *** piety under Trog
  3790 | D:3      | Found an ornate altar of the Wu Jian Council.
  3893 | D:3      | Found a radiant altar of Vehumet.
  3911 | D:3      | Found an ancient bone altar of Kikubaaqudgha.
  3923 | D:3      | Found a shimmering blue altar of Sif Muna.
  4200 | D:4      | Found an iron altar of Okawaru.
  4321 | D:4      | Reached skill level 1 in Throwing
  4390 | D:4      | Reached skill level 6 in Axes
  4458 | D:4      | Reached skill level 5 in Fighting
  4458 | D:4      | Reached XP level 8. HP: 49/49 MP: 8/8
  5113 | D:5      | Entered Level 5 of the Dungeon
  5491 | D:5      | Reached skill level 7 in Axes
  5759 | D:6      | Reached skill level 5 in Armour
  5759 | D:6      | Reached XP level 9. HP: 45/55 MP: 9/9
  6395 | D:5      | Reached **** piety under Trog
  6665 | D:6      | Found a staircase to the Ecumenical Temple.
  6707 | D:6      | Reached skill level 8 in Axes
  7645 | D:6      | Found a sacrificial altar of Ru.
  7646 | D:6      | Found an opulent altar of Gozag.
  7646 | D:6      | Found a burning altar of Makhleb.
  7650 | D:6      | Found a basalt altar of Yredelemnul.
  8210 | D:7      | Reached skill level 9 in Axes
  8288 | D:7      | Found a flagged portal.
  8337 | Bailey   | Entered a bailey
  8353 | Bailey   | Reached XP level 10. HP: 39/61 MP: 10/10
  9589 | Bailey   | Identified the amulet "Fuyplay" {Harm Rampage rPois Will-
                  | Regen+}
  9735 | D:7      | Found a runed translucent door.
  9736 | D:7      | Noticed Crazy Yiuf
  9743 | D:7      | Killed Crazy Yiuf
 10002 | D:7      | Reached ***** piety under Trog
 10065 | D:7      | Reached skill level 10 in Axes
 10092 | D:7      | Noticed a red ugly thing
 10104 | D:7      | HP: 3/94 [red ugly thing (26)]
 10106 | D:7      | Killed a red ugly thing
 10107 | D:7      | Demolished by a komodo dragon

Illustrated notes

Levels and vault maps discovered:
D:1:      shiori_shiawase, layout_basic, hellmonk_ecumenical_altar_heavens_door,
          due_unseen_surprise
D:2:      layout_basic, minmay_snake_closets, uniq_sigmund, uniq_natasha
D:3:      layout_loops_ring, grunt_temple_overflow_magic_moments,
          mainiacjoe_overflow_alcove_2, lightli_corner_chamber
D:4:      layout_cave_pools, nicolae_overflow_crystal_walls
D:5:      layout_gridville
D:6:      layout_basic, chequers_temple_overflow_statue_of_worship,
          minmay_temple_entry_sparse_star, chequers_garden,
          minmay_misc_feat_plants, lightli_minifort
D:7:      nzn_winding_woodlands_small [nzn_winding_woodlands_5x15_garden,
          nzn_winding_woodlands_center_diamonds,
          nzn_winding_woodlands_5x15_longhouse], layout_basic,
          mainiacjoe_overflow_paths, nicolae_uskayaw_dance_hall, enter_bailey_4,
          grunt_ministairs_13, uniq_joseph, uniq_maggie, uniq_crazy_yiuf_cottage

Skill      XL: |  1  2  3  4  5  6  7  8  9 10 |
---------------+-------------------------------+-----
Axes           | 3 4 5 6 7 9 10 | 10.1
Fighting       | 4 5 6 7 |  7.5
Dodging        | 2 3 |  3.7
Armour         | 3 4 5 6 8 |  8.0
Stealth        | 1 |  1.8
Throwing       | 1 3 4 |  4.1

Action                   |  1- 3 |  4- 6 |  7- 9 | 10-12 || total
-------------------------+-------+-------+-------+-------++-------
Melee: Hand axe          |    23 |       |       |       ||    23
       War axe           |    65 |    57 |   306 |   134 ||   562
       Punch             |       |       |     2 |     1 ||     3
Throw: Boomerang         |       |     2 |    77 |       ||    79
Invok: Berserk           |       |     1 |     5 |     5 ||    11
  Use: Scroll            |       |       |    10 |       ||    10
       Potion            |       |       |     1 |     1 ||     2
Armor: Animal skin       |    16 |       |       |       ||    16
       Ring mail         |    19 |    37 |   150 |       ||   206
       Chain mail        |       |       |    77 |   127 ||   204
Dodge: Dodged            |    63 |    37 |   210 |   104 ||   414
